AoeStats
← hugo94

Arena

507764167Analyzed
2v2 RM · 13d ago on Sep 19, 2026· 43m 24s· 4 players
Game mode
Random Map
Map size
Medium (4 player)
Population
200
Speed
Normal
Resources
Standard
Victory
Conquest
Starting age
Dark Age
Ending age
Imperial Age
RankedLock teamsTeams togetherTeam positionsShared explorationLock speedFull tech treeHidden civsTurbo modeCheats
Victory
Defeat
🇳🇱 Franks · Netherlands
741
+14
🇳🇱 Bohemians · Netherlands
741
+14
🇨🇱 Celts · Chile
795
-17
🇬🇧 Japanese · United Kingdom
610
-11
jannusodb
13:17 Feudal Age
11:37 Loom
15:00 Double-Bit Axe
17:42 Castle Age
16:54 Wheelbarrow
17:13 Horse Collar
23:34 Bow Saw
24:09 Heavy Plow
25:35 Husbandry
42:41 Ballistics
hugo94
11:08 Feudal Age
15:13 Castle Age
13:11 Double-Bit Axe
13:50 Gold Mining
14:13 Stone Mining
17:16 Wheelbarrow
18:40 Bow Saw
23:18 Gold Shaft Mining
23:48 Hand Cart
23:38 Loom
23:39 Town Watch
28:32 Imperial Age
26:17 Scale Barding Armor
26:23 Forging
26:47 Husbandry
27:33 Chain Barding Armor
28:23 Iron Casting
29:09 #83
29:14 Cavalier
32:42 Conscription
34:15 Blast Furnace
33:16 Scale Mail Armor
33:51 Plate Barding Armor
33:43 Elite Throwing Axeman
36:11 Chain Mail Armor
35:20 Paladin
37:15 Hoardings
Coopz881006
4:00 Loom
12:30 Feudal Age
14:25 Wheelbarrow
13:40 Double-Bit Axe
14:37 Horse Collar
14:51 Gold Mining
17:30 Town Watch
18:45 Forging
20:40 Stone Mining
23:41 Castle Age
23:02 Scale Barding Armor
23:47 Scale Mail Armor
24:39 Arson
26:24 Iron Casting
26:05 Chain Mail Armor
26:01 Squires
26:57 Hand Cart
31:49 Gambesons
31:40 Pikeman
34:40 Town Patrol
37:44 Gold Shaft Mining
gustebrius
10:56 Feudal Age
11:07 Loom
15:42 Castle Age
14:08 Double-Bit Axe
14:35 Horse Collar
18:37 Bow Saw
18:29 Heavy Plow
18:30 Gold Mining
23:01 Town Watch
23:40 Man-at-Arms
24:06 Gambesons
23:48 Pikeman
25:57 Forging
27:39 Gold Shaft Mining
31:33 Iron Casting
30:59 Scale Mail Armor
34:43 Ballistics
35:16 Stone Mining
38:01 Imperial Age
36:09 Wheelbarrow
35:38 Town Patrol
40:30 Hand Cart
43:27 Chemistry
Connection lost

Rejoining the realm…

Still unreachable

The connection could not be restored.

Session expired

The server has moved on; the page needs a fresh start.